 Dungeon Crawl Stone Soup version 0.17-a0-1910-g4c791fa (webtiles) character file.

15608 Goblin1989 the Grappler (level 12, -6/126 HPs)
             Began as a Troll Fighter on Sept 25, 2015.
             Was the Champion of Okawaru.
             Mangled by a catoblepas (35 damage)
             ... on level 4 of the Lair of Beasts.
             The game lasted 00:51:04 (11102 turns).

Goblin1989 the Grappler (Troll Fighter)            Turns: 11102, Time: 00:51:04

Health: -6/126     AC:  9    Str: 27    XL:     12   Next: 2%
Magic:  20/20      EV: 10    Int:  4    God:    Okawaru [******]
Gold:   710        SH: 11    Dex: 11    Spells: 0 memorised, 11 levels left

rFire  + + .     SeeInvis +       - Unarmed
rCold  . . .     Clarity  .     y - +1 robe
rNeg   + . .     SustAt   .     G - +2 shield of the Six Suns {rF+ Dex+3}
rPois  .         Gourm    +     (helmet restricted)
rElec  .         Spirit   .     q - +2 cloak
rCorr  .         Warding  .     (gloves unavailable)
rMut   .         Stasis   .     (boots unavailable)
MR     .....                    k - amulet of faith
Stlth  ++........               B - ring of positive energy
                                H - ring "Trusted Companion" {rF+ MP+9 Dex-5 SInv Stlth+}

@: not resistant to hostile enchantments, unstealthy
A: unfitting armour, claws 3, fast metabolism 3, gourmand, regeneration 2,
shaggy fur 1, tough skin 2
a: Heroism, Finesse, Renounce Religion


You were on level 4 of the Lair of Beasts.
You worshipped Okawaru.
Okawaru was exalted by your worship.
You were completely stuffed.

You visited 3 branches of the dungeon, and saw 13 of its levels.
You also visited: Labyrinth.

You collected 800 gold pieces.
You spent 90 gold pieces at shops.

Inventory:

Missiles
 c - 9 large rocks (quivered)
Armour
 q - a +2 cloak (worn)
 y - a +1 robe (worn)
 G - the +2 shield of the Six Suns (worn) {rF+ Dex+3}
   (You acquired it on level 3 of the Lair of Beasts)

   It affects your dexterity (+3).
   It protects you from fire.
Rods
 b - a +5 rod of clouds (14/14)
   (You found it in a labyrinth)
Jewellery
 k - an amulet of faith (around neck)
 B - a ring of positive energy (right claw)
 H - the ring "Trusted Companion" (left claw) {rF+ MP+9 Dex-5 SInv Stlth+}
   (You found it in a labyrinth)

   [ring of protection from fire]

   It affects your dexterity (-5).
   It protects you from fire.
   It affects your magic capacity (+9).
   It lets you see invisible.
   It makes you more stealthy.
Magical devices
 J - a wand of digging (13)
Scrolls
 e - a scroll of recharging
 j - 2 scrolls of fog
 m - 2 scrolls of teleportation
 s - 3 scrolls of amnesia
 u - 3 scrolls of enchant weapon
 w - 2 scrolls of blinking
 x - 2 scrolls of remove curse
 z - a scroll of magic mapping
 F - a scroll of enchant armour
Potions
 g - a potion of heal wounds
 h - 2 potions of cancellation
 l - a potion of agility
 r - 2 potions of flight
 t - 3 potions of curing
 C - a potion of haste
Comestibles
 a - 10 royal jellies
 d - 8 bread rations
 f - 5 meat rations
 i - 3 fruits
 n - 6 beef jerkies
 o - 15 chunks of flesh


   Skills:
 - Level 10.0 Fighting
 * Level 7.0 Throwing
 + Level 5.9 Dodging
 - Level 2.4 Shields
 + Level 12.5 Unarmed Combat


You had 11 spell levels left.
You didn't know any spells.

Dungeon Overview and Level Annotations

Branches:
Dungeon (8/15)             Temple (1/1) D:5            Lair (4/8) D:8
  Swamp: Lair:3-6    Shoals: Lair:3-6     Snake: Lair:3-6    Spider: Lair:3-6

Altars:
Ashenzari
Cheibriados
Elyvilon
Fedhas
Gozag
Kikubaaqudgha
Nemelex Xobeh
Okawaru
Qazlal
Ru
Trog
Vehumet
Xom
Zin
The Shining One

Shops:
D:5 =


Innate Abilities, Weirdness & Mutations

You are too large for most types of armour.
You have claws for hands.
Your metabolism is lightning-fast.
You like to eat raw meat.
You heal very quickly.
You are covered in fur (AC +1).
You have very tough skin (AC +2).


Message History

The catoblepas is heavily wounded.
The catoblepas closely misses you.
The hippogriff is engulfed in calcifying dust.
The hippogriff stops moving altogether!
Unknown command.
You claw the catoblepas!
The catoblepas is heavily wounded.
You block the catoblepas's attack.
The hippogriff is engulfed in calcifying dust.
You completely miss the catoblepas.
The catoblepas is heavily wounded.
The catoblepas gores you.
You scratch the catoblepas.
The catoblepas is heavily wounded.
The catoblepas gores you!!
* * * LOW HITPOINT WARNING * * *
You claw the catoblepas!
The catoblepas is severely wounded.
The catoblepas gores you!!
You die...

###...........#
###.#..........## ##
#.##...#......#.## .#
#.........P....#.# .##
##........PP....### :.####
##.........#.....# ...#.#
##...........#...##
.....####......Y...#.....##
.......#.......H@..#......##
...##......................#
#P###................##....#
### ###...........P##......#
##.........#####.....#
###......## #....## ##....##
#....# ##.### ###...##
####..P# ##.....P#


You could see a catoblepas and a hippogriff (petrified).

Vanquished Creatures
  A minotaur (Lab)
  A hydra (Lair:2)
  An elephant (Lair:1)
  The ghost of derrpe the Destroyer, an experienced TeCj of Ashenzari (D:5)
  2 black mambas (Lair:4)
  A spiny frog (Lair:3)
  3 komodo dragons (Lair:1)
  9 blink frogs
  3 basilisks
  A deep elf fighter (D:8)
  5 hippogriffs
  The ghost of derrpe the Slasher, an average DsBe of Trog (D:3)
  2 hungry ghosts
  23 yaks
  2 soldier ants (D:8)
  7 water moccasins
  5 porcupines
  A sky beast (D:6)
  An ice beast (D:8)
  An orc warrior (D:6)
  2 necrophages (D:8)
  A centaur (D:5)
  2 ogres (D:5)
  A black bear (D:8)
  8 crocodiles
  A brain worm (D:8)
  14 giant frogs
  A scorpion (D:8)
  A wight (D:6)
  2 jellies (D:5)
  4 orc wizards
  4 hounds
  3 centaur skeletons
  3 crimson imps
  7 orc priests
  A giant frog skeleton (D:6)
  4 iguanas
  5 worker ants
  8 sheep (Lair:3)
  10 adders
  8 river rats
  A shadow imp (D:8)
  2 oozes
  3 adder zombies
  2 worms (D:2)
  An adder skeleton (D:7)
  2 giant geckos
  30 orcs
  14 bats
  9 giant cockroaches
  7 goblins
  13 hobgoblins
  8 jackals
  6 kobolds
  3 ball pythons
  7 giant newts
  A jackal zombie (D:6)
  4 quokkas
  22 rats
296 creatures vanquished.

Vanquished Creatures (others)
  7 fungi
  8 plants
15 creatures vanquished.

Grand Total: 311 creatures vanquished

Notes
Turn   | Place    | Note
--------------------------------------------------------------
     0 | D:1      | Goblin1989 the Troll Fighter began the quest for the Orb.
     0 | D:1      | Reached XP level 1. HP: 22/22 MP: 0/0
   101 | D:1      | Reached XP level 2. HP: 29/29 MP: 1/1
   113 | D:1      | Reached skill level 3 in Unarmed Combat
   352 | D:1      | Reached XP level 3. HP: 33/36 MP: 2/2
   750 | D:2      | Reached skill level 4 in Unarmed Combat
  1065 | D:2      | Reached XP level 4. HP: 39/44 MP: 3/3
  1668 | D:3      | Found a stormy altar of Qazlal.
  1740 | D:3      | Reached skill level 5 in Unarmed Combat
  1779 | D:3      | Noticed derrpe's ghost (average DsBe)
  1867 | D:4      | Reached XP level 5. HP: 39/50 MP: 4/4
  2319 | D:5      | Entered Level 5 of the Dungeon
  2365 | D:5      | Found a staircase to the Ecumenical Temple.
  2380 | Temple   | Entered the Ecumenical Temple
  2498 | D:5      | Noticed an ogre
  2505 | D:5      | Killed an ogre
  2505 | D:5      | Reached skill level 6 in Unarmed Combat
  2505 | D:5      | Reached XP level 6. HP: 34/61 MP: 5/5
  2579 | D:5      | Found a shimmering altar of Xom.
  2581 | D:5      | Found Vonocs's Jewellery Shoppe.
  2625 | D:5      | Found Zin's Purification Station.
  2628 | D:5      | Found a glowing silver altar of Zin.
  2633 | D:5      | Noticed derrpe's ghost (experienced TeCj)
  2634 | D:5      | Bought a potion of curing for 90 gold pieces
  2637 | D:5      | Noticed an ogre
  2641 | D:5      | Noticed a centaur
  2655 | D:5      | Killed an ogre
  2659 | D:5      | Killed a centaur
  2659 | D:5      | Reached XP level 7. HP: 36/70 MP: 6/6
  2672 | D:5      | Killed derrpe's ghost
  2672 | D:5      | Reached skill level 7 in Unarmed Combat
  2825 | D:5      | Paralysed by a crimson imp for 4 turns
  2831 | D:5      | Reached skill level 5 in Fighting
  3044 | D:5      | Reached XP level 8. HP: 76/80 MP: 7/7
  3333 | D:6      | Found a sacrificial altar of Ru.
  3334 | D:6      | Found a bloodstained altar of Trog.
  3376 | D:6      | Reached skill level 8 in Unarmed Combat
  3607 | D:6      | Noticed a cyclops
  3607 | D:6      | HP: 1/83 [cyclops/large rock (30)]
  3828 | D:3      | Killed derrpe's ghost
  3828 | D:3      | Reached skill level 9 in Unarmed Combat
  4146 | D:3      | Found a shimmering altar of Xom.
  4611 | D:7      | Reached XP level 9. HP: 71/92 MP: 8/8
  5045 | D:7      | Found an iron altar of Okawaru.
  5045 | D:7      | Found a radiant altar of Vehumet.
  5045 | D:7      | Found a snail-covered altar of Cheibriados.
  5048 | D:7      | Became a worshipper of Warmaster Okawaru
  5395 | D:8      | Acquired Okawaru's first power
  5539 | D:8      | Reached skill level 10 in Unarmed Combat
  6029 | D:8      | Found a staircase to the Lair.
  6038 | D:8      | Reached XP level 10. HP: 104/104 MP: 9/9
  6161 | Lair:1   | Entered Level 1 of the Lair of Beasts
  6426 | Lair:1   | Reached skill level 1 in Throwing
  6912 | Lair:1   | HP: 5/107 [blink frog (12)]
  6928 | Lair:1   | Reached skill level 11 in Unarmed Combat
  7120 | Lair:1   | Noticed an elephant
  7131 | Lair:1   | Killed an elephant
  7131 | Lair:1   | Reached skill level 10 in Fighting
  7272 | Lair:2   | Noticed a five-headed hydra
  7286 | Lair:2   | Killed an 11-headed hydra
  7713 | Lair:2   | Noticed an eight-headed hydra
  7826 | Lair:3   | Found a labyrinth entrance.
  7834 | Lair:3   | Reached XP level 11. HP: 86/117 MP: 10/10
  7841 | Lab      | Entered a labyrinth
  8688 | Lab      | Noticed a minotaur
  8703 | Lab      | Killed a minotaur
  8707 | Lab      | Got a smoking bone ring
  8709 | Lab      | Identified the ring "Trusted Companion" {rF+ MP+9 Dex-5 SInv Stlth+} (You found it in a labyrinth)
  8962 | Lair:3   | Identified a scroll of acquirement
  8963 | Lair:3   | Identified a +5 rod of clouds (14/14) (You found it in a labyrinth)
  9071 | Lair:3   | Acquired Okawaru's second power
  9297 | Lair:3   | Got a polished shield
  9308 | Lair:3   | Identified the +2 shield of the Six Suns {rF+ Dex+3} (You acquired it on level 3 of the Lair of Beasts)
  9382 | Lair:3   | Reached skill level 5 in Throwing
  9849 | Lair:4   | Reached skill level 12 in Unarmed Combat
  9959 | Lair:4   | Reached skill level 5 in Dodging
  9999 | Lair:4   | Received a gift from Okawaru
 10257 | Lair:4   | Received a gift from Okawaru
 10272 | Lair:4   | Received a gift from Okawaru
 10781 | Lair:4   | Received a gift from Okawaru
 10981 | Lair:4   | Reached XP level 12. HP: 114/126 MP: 11/11
 11074 | Lair:4   | Noticed a catoblepas
 11102 | Lair:4   | Mangled by a catoblepas

Vault maps used:
D:1:      lordsloth_arrival_two_stooges
D:2:      serial_glass, glass_columns_a, glass_columns_c, glass_columns_b,
          glass_columns_a, glass_columns_a, glass_columns_c, due_unseen_surprise
D:3:      nicolae_qazlal_general_emergency, old_standard_altar,
          portal_sewer_entry_b, first_bread, grunt_ministairs_11,
          feat_on_display
D:4:      serial_bayou_pond_a
D:5:      zin_purify, minmay_temple_entry_glass, serial_shops, shop,
          led_xom_imps
D:6:      hangedman_cross_stitches, led_sif_pool,
          nicolae_overflow_hidden_temple, gammafunk_temple_overflow_statue,
          hangedman_decor_peaks_small
D:7:      gammafunk_temple_overflow_forgotten, minmay_stone_trees_medium
D:8:      kennysheep_housing_project, yredelemnul_forgotten_temple_becter,
          grunt_lair_entry_elf_guard_hut, hangedman_pestilent_swarm
Temple:   temple_of_Zot_orb
Lair:1:   serial_bayou_shore_b
Lair:2:   st_stairs_4, cheibrodos_lair_caveside_slide, serial_bayou_crossing
Lair:3:   lab_entry_generic
Lab:      labyrinth_skeletal_remains, nicolae_lab_blocks

Action                   |  1- 3 |  4- 6 |  7- 9 | 10-12 || total
-------------------------+-------+-------+-------+-------++-------
Melee: Unarmed           |   104 |   155 |   412 |   433 ||  1104
Throw: Javelin           |       |       |     2 |     2 ||     4
       Large rock        |       |       |       |     4 ||     4
Invok: Heroism           |       |       |       |     2 ||     2
Evoke: Deck              |       |       |       |     1 ||     1
  Use: Scroll            |     5 |     6 |     8 |     9 ||    28
       Potion            |       |       |     2 |     3 ||     5
 Stab: Sleeping          |       |       |     2 |     3 ||     5
  Eat: Chunk             |    14 |     8 |    36 |    52 ||   110
       Bread ration      |       |       |     1 |       ||     1
